Map: Ever Dream LE

Players

PartinG - Winner!

  • Race: Protoss Protoss
  • League: Grandmaster
  • Spawn Location: 7:00

uwuThermal (uThermal)

  • Race: Terran Terran
  • League: Master
  • Spawn Location: 1:00

Event: War Chest Team League

VOD

Have the link to the VOD?

Description

Time

  • Played on: Aug. 9, 2020, 6:08 a.m.
  • Length: 11:45
Show
View Real Time Build Order
Export as new Build Order

PartinG Protoss - Winner!

Build Orders: 1 Gate Expand, Phoenix Opening 

Get SALT Encoding   

  12  0:00  Probe  
  13  0:12  Probe  
  14  0:19  Pylon  
  14  0:24  Probe  
  15  0:37  Probe (Chrono Boost)  
  15  0:40  Gateway  
  16  0:46  Probe (Chrono Boost)  
  16  0:48  Assimilator  
  17  0:52  Probe  
  19  1:04  Probe  
  19  1:16  Probe  
  20  1:27  Cybernetics Core  
  20  1:34  Nexus  
  20  1:38  Probe  
  21  1:45  Pylon  
  21  1:51  Assimilator  
  21  1:52  Probe  
  22  2:01  Adept (Chrono Boost)  
  22  2:06  Probe (Chrono Boost)  
  26  2:16  Probe (Chrono Boost)  
  26  2:21  Probe (Chrono Boost)  
  26  2:25  Stargate  
  26  2:29  Shield Battery  
  27  2:34  Probe  
  27  2:35  Stalker  
  30  2:43  Warp Gate  
  30  2:46  Probe  
  30  2:47  Probe  
  32  2:59  Probe  
  32  3:00  Probe  
  32  3:07  Phoenix (Chrono Boost)  
  32  3:12  Gateway  
  34  3:15  Gateway  
  34  3:17  Probe  
  34  3:18  Probe  
  36  3:23  Phoenix (Chrono Boost)  
  38  3:29  Stalker  
  40  3:36  Shield Battery  
  40  3:40  Probe x2  
  42  3:43  Pylon  
  42  3:48  Phoenix  
  42  3:52  Probe x2  
  46  4:06  Pylon  
  46  4:07  Pylon  
  46  4:09  Pylon  
  46  4:10  Assimilator  
  46  4:12  Assimilator  
  46  4:18  Robotics Facility  
  46  4:24  Probe x2  
  46  4:29  Phoenix (Chrono Boost)  
  50  4:36  Probe x2  
  52  4:41  Zealot x3  
  58  4:47  Pylon  
  58  4:48  Probe x2  
  60  4:56  Pylon  
  60  5:00  Probe  
  60  5:01  Probe  
  57  5:17  Observer  
  57  5:18  Probe x2  
  57  5:20  Robotics Bay  
  60  5:26  Sentry x2, Zealot  
  66  5:29  Pylon  
  66  5:31  Probe x2  
  68  5:39  Pylon, Observer  
  69  5:43  Probe  
  69  5:44  Probe  
  71  5:59  Nexus  
  71  6:00  Extended Thermal Lance, Probe x2  
  71  6:01  Shield Battery  
  73  6:04  Colossus (Chrono Boost), Observer  
  73  6:09  Observer  
  79  6:12  Sentry  
  79  6:14  Probe x2  
  83  6:21  Twilight Council  
  83  6:24  Forge  
  83  6:32  Zealot x2  
  85  6:37  Shield Battery  
  87  6:46  Colossus (Chrono Boost), Probe x2  
  95  6:49  Stalker  
  95  6:51  Charge (Chrono Boost)  
  97  6:58  Protoss Ground Weapons Level 1 (Chrono Boost)  
  97  7:01  Pylon  
  97  7:03  Probe x2  
  97  7:07  Zealot  
  101  7:12  Probe  
  101  7:14  Pylon  
  102  7:17  Pylon  
  102  7:19  Zealot x2  
  106  7:30  Observer  
  106  7:31  Colossus (Chrono Boost)  
  112  7:37  Gateway  
  112  7:39  Gateway x2  
  111  7:45  Zealot x3  
  111  7:48  Probe x2  
  111  7:49  Probe  
  120  8:02  Probe x2  
  120  8:03  Templar Archives  
  122  8:10  Probe  
  122  8:11  Pylon  
  123  8:14  Probe  
  123  8:17  Colossus (Chrono Boost), Blink  
  124  8:21  Assimilator  
  124  8:25  Assimilator  
  130  8:30  Gateway  
  130  8:32  Gateway  
  130  8:33  Psionic Storm  
  130  8:43  Zealot x6  
  142  8:52  Pylon  
  142  8:53  Pylon  
  142  8:56  Protoss Ground Armor Level 1 (Chrono Boost)  
  142  8:59  Pylon  
  142  9:08  High Templar x2  
  146  9:10  Probe x3  
  146  9:16  Nexus  
  149  9:19  High Templar x2  
  149  9:22  Warp Prism  
  155  9:33  Stalker x4  
  155  9:36  Pylon  
  155  9:37  Pylon  
  163  9:44  Shield Battery x2  
  163  9:47  Archon  
  163  9:48  Observer  
  155  9:55  High Templar x2  
  159  10:04  High Templar  
  159  10:05  Zealot x5  
  164  10:22  Photon Cannon  
  164  10:24  Photon Cannon  
  164  10:28  Zealot x7  
  161  10:40  Zealot  
  161  10:47  Archon  
  135  10:52  Stalker x7  
  135  10:54  Probe x3  
  152  11:02  Warp Prism (Chrono Boost)  
  152  11:09  Probe x2 (Chrono Boost)  
  152  11:10  Probe (Chrono Boost), Zealot  
  159  11:15  High Templar x3  
  159  11:18  Probe (Chrono Boost)  
  164  11:20  Probe (Chrono Boost)  
  164  11:21  Probe x2 (Chrono Boost)  
  141  11:26  Stalker x2  
  138  11:34  Zealot x2  
Show
View Real Time Build Order
Export as new Build Order

uwuThermal Terran 

Build Orders:  

Get SALT Encoding   

  12  0:00  SCV  
  13  0:12  SCV  
  14  0:17  Supply Depot  
  14  0:24  SCV  
  14  0:27  Refinery  
  15  0:39  SCV  
  16  0:45  Barracks  
  16  0:51  SCV  
  17  1:03  SCV  
  18  1:15  SCV  
  19  1:32  Marine  
  20  1:33  Factory, Orbital Command  
  20  1:51  Barracks Reactor  
  20  2:00  Command Center  
  20  2:08  Supply Depot, SCV  
  21  2:20  SCV  
  22  2:30  Hellion x2  
  22  2:33  SCV  
  22  2:34  Supply Depot  
  27  2:45  SCV  
  27  2:46  Refinery  
  28  2:52  Hellion  
  28  2:55  Hellion  
  28  2:57  SCV  
  33  3:08  Starport  
  33  3:09  SCV  
  34  3:13  Orbital Command  
  34  3:18  Widow Mine  
  36  3:23  Widow Mine  
  38  3:27  SCV  
  39  3:38  SCV  
  39  3:39  SCV  
  39  3:40  Widow Mine  
  43  3:44  Widow Mine  
  43  3:45  Medivac  
  47  3:50  Barracks Tech Lab  
  47  3:51  Supply Depot  
  47  3:53  SCV  
  47  3:54  SCV  
  49  4:05  SCV  
  49  4:09  Marine  
  36  4:10  Stimpack  
  49  4:12  SCV  
  49  4:14  Factory Tech Lab  
  50  4:20  Starport Reactor  
  50  4:21  SCV  
  50  4:23  Barracks  
  50  4:24  Barracks, SCV  
  51  4:28  Marine  
  51  4:29  Engineering Bay  
  51  4:33  SCV  
  51  4:36  Bunker  
  50  4:39  Siege Tank  
  50  4:42  SCV  
  54  4:46  Marine, SCV  
  54  4:49  Refinery  
  55  4:54  SCV  
  55  4:56  Supply Depot  
  55  4:58  SCV  
  57  5:04  Marine  
  57  5:06  SCV  
  57  5:10  SCV  
  57  5:13  Siege Tank  
  59  5:15  Marine x2  
  59  5:17  Starport Reactor  
  59  5:18  SCV  
  62  5:21  Missile Turret  
  62  5:22  Marine, SCV  
  62  5:25  Marine x2, Missile Turret  
  60  5:29  Terran Infantry Weapons Level 1  
  60  5:32  Supply Depot  
  60  5:33  Marine x2  
  60  5:34  SCV  
  60  5:35  SCV  
  64  5:39  Supply Depot, Marine  
  65  5:43  Marine  
  65  5:47  Marine  
  65  5:50  Siege Tank  
  65  5:51  Marine x2  
  65  5:52  Supply Depot  
  65  5:53  Combat Shield  
  70  5:57  Marine  
  70  6:01  Marine  
  72  6:06  Medivac  
  74  6:12  Command Center  
  74  6:13  Marine x2  
  74  6:18  SCV x2  
  78  6:19  Medivac, Marine  
  78  6:20  Marine  
  82  6:26  Marine  
  82  6:28  Supply Depot  
  82  6:30  Refinery  
  82  6:31  Marine  
  84  6:34  Siege Tank  
  84  6:36  SCV  
  84  6:37  Marine  
  84  6:38  Supply Depot  
  89  6:45  Medivac  
  90  6:48  SCV  
  90  6:50  Marine x2  
  90  6:53  Marine  
  94  6:55  Marine  
  94  6:59  SCV  
  94  7:00  Barracks, Marine  
  94  7:01  Barracks, SCV  
  98  7:06  Siege Tank  
  101  7:10  Supply Depot  
  101  7:11  Marine  
  101  7:12  SCV  
  103  7:18  Medivac  
  104  7:23  Terran Infantry Armor Level 1  
  104  7:25  Marine  
  105  7:32  Marine x2, SCV  
  107  7:38  Siege Tank  
  107  7:39  Marine x2, SCV  
  107  7:44  SCV  
  114  7:51  Barracks Reactor x2, SCV  
  115  7:53  Marine x3, Missile Turret  
  115  7:56  SCV  
  115  7:57  Medivac  
  121  7:58  Medivac  
  121  8:01  Marine  
  121  8:03  SCV  
  125  8:08  SCV  
  125  8:11  Marine  
  128  8:13  Supply Depot  
  128  8:14  Orbital Command  
  128  8:15  SCV  
  129  8:21  Siege Tank  
  129  8:23  SCV  
  129  8:24  Marine  
  129  8:26  Marine  
  133  8:29  Marine  
  133  8:30  Supply Depot  
  133  8:34  Marine  
  133  8:35  SCV  
  133  8:37  Armory  
  133  8:39  Marine x2  
  133  8:40  SCV  
  137  8:42  Supply Depot  
  137  8:43  Marine x2  
  137  8:44  Supply Depot, Marine  
  140  8:51  SCV  
  140  8:53  Medivac, Missile Turret  
  140  8:54  Medivac, Missile Turret  
  145  8:56  Marine  
  145  8:59  Siege Tank  
  149  9:03  Marine x2  
  149  9:04  Supply Depot, Marine  
  149  9:09  Marine x2  
  152  9:11  Refinery x2  
  152  9:13  Marine x2  
  152  9:14  Marine  
  154  9:18  Marine  
  154  9:21  SCV x2  
  154  9:22  Marine x2  
  154  9:23  Factory  
  159  9:26  Terran Infantry Weapons Level 2  
  159  9:29  Terran Vehicle Weapons Level 1  
  159  9:30  Marine x2  
  161  9:33  Marine  
  161  9:35  Siege Tank  
  161  9:36  Marine x3  
  167  9:40  Medivac  
  167  9:41  Supply Depot  
  169  9:49  Marine  
  170  9:58  Marine x2  
  172  10:03  Marine x4  
  172  10:05  Marine x2  
  172  10:07  Marine, Siege Tank  
  172  10:09  Medivac  
  178  10:15  Supply Depot, Marine x2  
  178  10:17  Supply Depot  
  178  10:21  Marine  
  180  10:27  Marine  
  180  10:33  Medivac, Marine  
  180  10:35  Marine  
  180  10:37  Marine  
  180  10:38  Marine  
  180  10:39  Siege Tank  
  176  10:45  Marine  
  176  10:49  Marine  
  137  10:50  Marine x2  
  137  10:52  Medivac, Marine x2  
  137  10:54  Marine  
  137  10:55  Marine x2  
  143  11:01  Factory Tech Lab  
  143  11:03  Marine  
  134  11:07  Marine x2  
  136  11:11  Siege Tank  
  136  11:12  Marine x3  
  136  11:13  Marine  
  136  11:14  Marine  
  136  11:16  Marine  
  142  11:18  Command Center  
  142  11:21  Marine  
  142  11:25  Marine x2  
Tags
 
Add a new tag
Caveats
  • Supply blocks, unpowered buildings, or Contaminate may cause inaccurate times.
  • Supply counts are checked every 10 seconds.